 Dungeon Crawl Stone Soup version 0.28.0-53-g5a82cb258f (webtiles) character file.

Game seed: 4570147217167052289

22931 PentaManta the Nimble (level 13, -20/82 HPs)
             Began as a Kobold Brigand on June 16, 2022.
             Was a Believer of Uskayaw.
             Killed from afar by a will-o-the-wisp (25 damage)
             ... with a foxfire
             ... on level 2 of the Lair of Beasts.
             The game lasted 00:43:09 (22668 turns).

PentaManta the Nimble (Kobold Brigand)             Turns: 22668, Time: 00:43:10

Health: -20/82     AC: 10    Str:  8    XL:     13   Next: 31%
Magic:  13/13      EV: 24    Int: 14    God:    Uskayaw [**....]
Gold:   220        SH:  0    Dex: 20    Spells: 12/12 levels left

rFire   . . .      SeeInvis +   K - +0 scimitar
rCold   . . .      Faith    +   (no shield)
rNeg    . . .      Spirit   .   v - +3 leather armour {rPois}
rPois   +          Reflect  .   H - +0 helmet
rElec   .          Harm     .   c - +0 cloak
rCorr   .          Rampage  .   W - +1 pair of gloves
Will    +....                   (no boots)
Stlth   ++++++....              T - amulet of faith
HPRegen 0.23/turn               U - ring of see invisible
MPRegen 0.13/turn               E - ring of willpower

@: no status effects
A: small, no large weapons, nightstalker 3, hooves 1
a: Renounce Religion, Stomp, Line Pass


You were on level 2 of the Lair of Beasts.
You worshipped Uskayaw.
Uskayaw was noncommittal.
You visited 3 branches of the dungeon, and saw 14 of its levels.
You also visited: Ossuary and Bailey.

You collected 770 gold pieces.
You spent 550 gold pieces at shops.

Inventory:

Hand Weapons
 a - a +3 dagger
 h - a +1 dagger of venom
 u - a +0 rapier
 y - a +2 short sword
 K - a +0 scimitar (weapon)
Missiles
 d - 21 poisoned darts
 e - a curare-tipped dart
 A - a throwing net (quivered)
 O - 4 atropa-tipped darts
Armour
 c - a +0 cloak (worn)
 j - a +0 troll leather armour
 o - an orb of wrath
 p - +1 swamp dragon scales
 v - a +3 leather armour of poison resistance (worn)
 G - a +2 leather armour of cold resistance
 H - a +0 helmet (worn)
 I - a +0 kite shield
 J - a +1 robe of positive energy
 N - a +1 scale mail of fire resistance
 W - a +1 pair of gloves (worn)
Jewellery
 i - a ring of flight
 l - a ring of protection from cold
 w - an amulet of the acrobat
 E - a ring of willpower (right hand)
 T - an amulet of faith (around neck)
 U - a ring of see invisible (left hand)
 V - a +4 ring of evasion
Wands
 t - a wand of acid (4)
 z - a wand of digging (6)
 R - a wand of flame (13)
Scrolls
 b - a scroll of enchant armour {unknown}
 f - a scroll of summoning {unknown}
 m - 4 scrolls of amnesia
 n - 6 scrolls of teleportation
 F - 2 scrolls of fog
 M - 2 scrolls of enchant weapon
 S - 3 scrolls of identify
 X - a scroll of holy word
Potions
 g - 3 potions of degeneration
 k - 8 potions of brilliance
 q - 3 potions of might
 r - 5 potions of curing
 s - 4 potions of mutation
 x - a potion of magic {unknown}
 B - 2 potions of attraction {unknown}
 C - a potion of cancellation {unknown}
 D - a potion of invisibility {unknown}
 L - a potion of resistance
 P - 2 potions of haste {unknown}
 Q - 2 potions of berserk rage
 Z - a potion of heal wounds


   Skills:
 - Level 10.0 Fighting
 - Level 12.0(14.3) Short Blades
 * Level 8.4(9.8) Long Blades
 - Level 2.1 Throwing
 + Level 14.0 Dodging
 - Level 13.0 Stealth


You had 12 spell levels left.
You didn't know any spells.
Your spell library contained the following spells:

 Spells                   Type           Power      Damage    Failure   Level
 Apportation              Tloc           0%         N/A       38%         1
 Blink                    Tloc           0%         N/A       54%         2
 Conjure Flame            Conj/Fire      0%         6-21      77%         3
 Dazzling Flash           Conj/Hex       0%         N/A       77%         3
 Ignite Poison            Fire/Tmut/Pois 0%         N/A       77%         3
 Lesser Beckoning         Tloc           0%         N/A       77%         3
 Ozocubu's Armour         Ice            0%         N/A       77%         3
 Iskenderun's Mystic Bla  Conj/Tloc      0%         2d3       99%         4
 Passage of Golubria      Tloc           0%         N/A       99%         4
 Sticky Flame             Conj/Fire      0%         2d3       99%         4
 Alistair's Intoxication  Tmut/Pois      0%         N/A       100%        5
 Fireball                 Conj/Fire      0%         3d3       100%        5
 Iskenderun's Battlesphe  Conj           0%         2d6       100%        5
 Manifold Assault         Tloc           0%         N/A       100%        5
 Silence                  Hex/Air        0%         N/A       100%        5
 Conjure Ball Lightning   Conj/Air       0%         3x3d6     100%        6
 Starburst                Conj/Fire      0%         6d3       100%        6
 Orb of Destruction       Conj           0%         9d5       100%        7
 Ozocubu's Refrigeration  Ice            0%         4d5       100%        7
 Lehudib's Crystal Spear  Conj/Erth      0%         10d2      100%        8


Dungeon Overview and Level Annotations

Branches:
Dungeon (11/15)            Temple (1/1) D:5            Lair (2/6) D:9
    Orc (0/2) D:11        Ossuary (visited)          Bailey (visited)
  Swamp: Lair:2-4    Shoals: Lair:2-4     Snake: Lair:2-4    Spider: Lair:2-4

Altars:
Ashenzari
Cheibriados
Dithmenos
Elyvilon
Fedhas
Gozag
Hepliaklqana
Kikubaaqudgha
Makhleb
Nemelex Xobeh
Okawaru
Qazlal
Ru
Sif Muna
Trog
Uskayaw
Vehumet
Wu Jian
Xom
Yredelemnul
Zin
The Shining One

Shops:
D:1 =

Annotations:
D:3 2 transporters, ptr's ghost, weakling FeCj
D:11 exclusions: boulder beetle, 2 hydras, rakshasa and 2 skeletal warriors
Lair:2 1 runed translucent door


Innate Abilities, Weirdness & Mutations

You are small and have problems with some larger weapons.
You are completely attuned to the shadows.
You have large cloven feet.


Message History

The will-o-the-wisp is moderately damaged.
The will-o-the-wisp completely misses you.
You hit the will-o-the-wisp. You punch the will-o-the-wisp.
The will-o-the-wisp is moderately damaged.
You barely miss the will-o-the-wisp. You kick the will-o-the-wisp.
The will-o-the-wisp is heavily damaged.
The will-o-the-wisp misses you.
You can now pass through a line of other dancers.
You barely miss the will-o-the-wisp.
You kick the will-o-the-wisp, but do no damage.
The will-o-the-wisp is heavily damaged.
The will-o-the-wisp gestures.
The will-o-the-wisp conjures some foxfire! 2 foxfires come into view.
You completely miss the will-o-the-wisp.
You kick the will-o-the-wisp, but do no damage.
The will-o-the-wisp is moderately damaged.
The foxfire hits you!! x2
The will-o-the-wisp gestures.
The will-o-the-wisp conjures some foxfire! 2 foxfires come into view.
Press: ? - help, v - describe, . - travel
Here: a foxfire (wisps of flame)
The floor.
The foxfire hits you!
* * * LOW HITPOINT WARNING * * *
The foxfire hits you!!
* * * LOW HITPOINT WARNING * * *
The will-o-the-wisp gestures.
The will-o-the-wisp conjures some foxfire! 2 foxfires come into view.
Okay, then.
Okay, then.
Aiming: Corrosive Bolt
Press: ? - help, Shift-Dir - straight line, f - will-o-the-wisp
Aim: a will-o-the-wisp (moderately damaged, 71% to hit)
The bolt of acid hits the will-o-the-wisp!
The will-o-the-wisp is almost destroyed.
The foxfire hits you!!
You die...

.....P.....#P##. ...............#
..#####......... ..# #..........#
.P# ##..##.....# ###
##....###§.## ######.....###v§.##
#...##.......§§.v.# #
....#....#....§v@###### ##
..................#...# ### ##.
..............#...#...## ##.###..
...##.....###....##....###^###.#.
.)###.#.#.. ####............###.<
.## .#... #.....#.......###.. <.#
#.....##.......##P. .##
#....######.....##. .# ##....
##.......


You could see a will-o-the-wisp.

Vanquished Creatures
  3 hydras
  2 boulder beetles
  A centaur warrior (D:9)
  The ghost of ciphuk the Magician, a novice GnVM of Ashenzari (D:9)
  An orc high priest (Bailey)
  3 orc knights (Bailey)
  An orc sorcerer (Bailey)
  5 cane toads
  Maggie (D:7)
  Psyche (D:8)
  An unseen horror (D:11)
  3 komodo dragons
  A polar bear (Lair:1)
  2 trolls
  Grinder (D:6)
  Prince Ribbit (D:5)
  The ghost of kalagan the Conjurer, an amateur DECj (D:4)
  2 wraiths
  3 wyverns
  A shadow (D:11)
  2 vampires
  Eustachio (D:5)
  23 yaks
  Sigmund (D:2)
  A basilisk (Lair:1)
  3 vampire mosquitoes (D:11)
  A warg (D:11)
  Menkaure (D:7)
  An acid dragon (D:11)
  3 water moccasins
  A sky beast (D:7)
  9 orc warriors
  3 black bears
  3 ogres
  An ice beast (D:8)
  2 necrophages
  7 centaurs
  A kobold brigand (D:11)
  8 bullfrogs
  A wyvern zombie (D:9)
  A scorpion (D:6)
  A wyvern skeleton (D:7)
  13 killer bees
  6 electric eels (Bailey)
  3 wights (D:7)
  4 howler monkeys (D:10)
  4 crimson imps (D:9)
  2 jellies
  5 centaur zombies
  4 hounds
  5 orc priests
  A bullfrog skeleton (D:6)
  A centaur skeleton (D:4)
  A gnoll shaman (D:6)
  3 iguanas
  A scorpion zombie (D:3)
  9 orc wizards
  A killer bee zombie (D:8)
  A hound zombie (D:5)
  2 mummies
  A howler monkey zombie (D:9)
  8 adders
  6 gnolls
  A shadow imp (D:9)
  4 white imps (D:9)
  An ufetubus (D:3)
  An adder skeleton (D:4)
  2 worms
  2 dart slugs
  27 orcs
  3 spectral bats (Ossuary)
  10 bats
  4 endoplasms
  3 giant cockroaches
  20 goblins
  15 hobgoblins
  6 jackals
  3 quokkas
  4 ball pythons
  2 bat simulacra (Ossuary)
  8 frilled lizards
  12 gnoll zombies (Ossuary)
  2 goblin simulacra (Ossuary)
  9 goblin zombies (Ossuary)
  A hobgoblin zombie (Ossuary)
  13 kobolds
  3 kobold simulacra (Ossuary)
  3 kobold zombies (Ossuary)
  5 orc zombies (Ossuary)
  A quokka zombie (D:3)
  6 rats
  2 rat simulacra (Ossuary)
  3 spectral goblins (Ossuary)
  4 spectral kobolds (Ossuary)
  3 spectral rats (Ossuary)
374 creatures vanquished.

Vanquished Creatures (others)
  4 foxfires (Lair:2)
  15 fungi
  11 plants
30 creatures vanquished.

Grand Total: 404 creatures vanquished

Notes
Turn   | Place    | Note
-------+----------+-------------------------------------------
     0 | D:1      | PentaManta the Kobold Brigand began the quest for the Orb.
     0 | D:1      | Reached XP level 1. HP: 12/12 MP: 1/1
   196 | D:1      | Found Tealeo's Jewellery Emporium.
   272 | D:1      | Reached XP level 2. HP: 12/17 MP: 2/2
   596 | D:1      | Reached skill level 2 in Dodging
   799 | D:1      | Reached XP level 3. HP: 20/21 MP: 3/3
  1103 | D:1      | Found a faded altar of an unknown god.
  1335 | D:2      | Noticed Sigmund
  1339 | D:2      | Killed Sigmund
  1340 | D:2      | Reached skill level 5 in Short Blades
  1340 | D:2      | Reached skill level 4 in Dodging
  1340 | D:2      | Reached XP level 4. HP: 26/26 MP: 4/4
  1340 | D:2      | Reached XP level 5. HP: 30/30 MP: 5/5
  1354 | D:2      | Found a broken altar of Ashenzari.
  1562 | D:2      | Reached XP level 6. HP: 9/35 MP: 6/6
  2714 | D:3      | Found a transporter.
  2714 | D:3      | Noticed ptr's ghost (weakling FeCj)
  2774 | D:3      | Reached skill level 5 in Dodging
  2991 | D:3      | Found a basalt altar of Yredelemnul.
  3681 | D:3      | Noticed a black bear
  3691 | D:3      | Found a transporter.
  4009 | D:4      | Reached XP level 7. HP: 40/40 MP: 7/7
  4349 | D:4      | Found a runed translucent door.
  4366 | D:4      | Reached skill level 6 in Dodging
  4980 | D:4      | Noticed kalagan's ghost (amateur DECj)
  4984 | D:4      | Killed kalagan's ghost
  4985 | D:4      | Reached XP level 8. HP: 44/44 MP: 8/8
  5012 | D:5      | Entered Level 5 of the Dungeon
  5098 | D:5      | Found a staircase to the Ecumenical Temple.
  5106 | Temple   | Entered the Ecumenical Temple
  5166 | Temple   | Became a worshipper of Uskayaw the Reveller
  5193 | D:5      | Noticed Eustachio
  5197 | D:5      | Killed Eustachio
  5197 | D:5      | Reached * piety under Uskayaw
  5198 | D:5      | Reached skill level 7 in Dodging
  5262 | D:5      | Reached ** piety under Uskayaw
  5307 | D:5      | Reached *** piety under Uskayaw
  5567 | D:5      | Noticed Prince Ribbit
  5571 | D:5      | Killed Prince Ribbit
  5572 | D:5      | Reached skill level 8 in Dodging
  6097 | D:6      | Reached skill level 10 in Short Blades
  6097 | D:6      | Reached skill level 9 in Dodging
  6097 | D:6      | Reached XP level 9. HP: 33/48 MP: 9/9
  6724 | D:6      | Reached skill level 10 in Dodging
  7520 | D:6      | Noticed Grinder
  7548 | D:6      | Paralysed by Grinder for 4 turns
  7561 | D:6      | Gained mutation: You have large cloven feet. [potion of
                  | mutation]
  7567 | D:6      | Killed Grinder
  8198 | D:7      | Reached XP level 10. HP: 54/57 MP: 10/10
  8207 | D:7      | Reached **** piety under Uskayaw
  8222 | D:7      | Reached ***** piety under Uskayaw
  8227 | D:7      | Noticed Maggie
  8232 | D:7      | Killed Maggie
  8233 | D:7      | Reached skill level 11 in Dodging
  8234 | D:7      | Reached skill level 5 in Fighting
  8499 | D:7      | Found a sand-covered staircase.
  8506 | Ossuary  | Entered an ossuary
  9430 | D:7      | Noticed Menkaure
  9434 | D:7      | Killed Menkaure
  9471 | D:7      | Noticed a boulder beetle
  9490 | D:7      | Killed a boulder beetle
  9491 | D:7      | Reached skill level 10 in Stealth
  9808 | D:8      | Found a flagged portal.
  9817 | Bailey   | Entered a bailey
 10001 | Bailey   | Noticed an orc high priest
 10007 | Bailey   | Killed an orc high priest
 10020 | Bailey   | Noticed an orc knight
 10027 | Bailey   | Killed an orc knight
 10028 | Bailey   | Reached XP level 11. HP: 66/66 MP: 11/11
 10264 | Bailey   | Reached skill level 12 in Dodging
 10308 | Bailey   | Noticed an orc knight
 10373 | Bailey   | Killed an orc knight
 10409 | Bailey   | Noticed an orc knight
 10414 | Bailey   | Killed an orc knight
 10720 | Bailey   | Found an iron altar of Okawaru.
 10721 | Bailey   | Noticed an orc sorcerer
 10747 | Bailey   | Killed an orc sorcerer
 10909 | D:8      | Acquired a ring of willpower
 11482 | D:8      | Noticed Psyche
 11487 | D:8      | Killed Psyche
 12219 | D:9      | Noticed ciphuk's ghost (novice GnVM)
 12230 | D:9      | Found a runed translucent door.
 12579 | D:9      | Noticed a centaur warrior
 12600 | D:9      | Killed a centaur warrior
 12709 | D:9      | Found a staircase to the Lair.
 13267 | D:9      | Reached skill level 13 in Dodging
 13269 | D:9      | Found a glowing silver altar of Zin.
 13290 | D:9      | Found a blossoming altar of Fedhas.
 13690 | D:9      | HP: 3/69 [ciphuk's ghost (3)]
 13694 | D:9      | Killed ciphuk's ghost
 13938 | D:10     | Entered Level 10 of the Dungeon
 13938 | D:10     | Found a white marble altar of Elyvilon.
 13941 | D:10     | Reached XP level 12. HP: 75/75 MP: 12/12
 13997 | D:10     | Found an iron altar of Okawaru.
 14002 | D:10     | Found a shimmering blue altar of Sif Muna.
 14002 | D:10     | Found a radiant altar of Vehumet.
 14004 | D:10     | Noticed a boulder beetle
 14008 | D:10     | Killed a boulder beetle
 14361 | D:1      | Bought an amulet of faith for 400 gold pieces
 14361 | D:1      | Bought a ring of see invisible for 150 gold pieces
 14620 | Lair:1   | Entered Level 1 of the Lair of Beasts
 15584 | Lair:1   | Reached skill level 14 in Dodging
 16040 | Lair:1   | Noticed an eight-headed hydra
 16048 | Lair:1   | Killed an eight-headed hydra
 16784 | Lair:2   | Noticed a six-headed hydra
 16851 | Lair:1   | HP: 2/77 [six-headed hydra (4)]
 16997 | Lair:1   | Killed a six-headed hydra
 17840 | Lair:2   | Noticed an eight-headed hydra
 18095 | D:9      | HP: 3/77 [yak (8)]
 18389 | D:10     | Reached skill level 5 in Long Blades
 18885 | D:10     | Reached ****** piety under Uskayaw
 19958 | D:11     | Found a staircase to the Orcish Mines.
 20330 | D:11     | Noticed a seven-headed hydra
 20403 | D:11     | Noticed a rakshasa
 20438 | D:11     | Reached XP level 13. HP: 42/81 MP: 13/13
 21515 | D:11     | Noticed a six-headed hydra
 21525 | D:11     | Noticed a boulder beetle
 22312 | Lair:2   | Killed an eight-headed hydra
 22397 | Lair:2   | Reached skill level 10 in Fighting
 22619 | Lair:2   | Found a runed translucent door.
 22668 | Lair:2   | Killed from afar by a will-o-the-wisp

Illustrated notes

Levels and vault maps discovered:
D:1:      dpeg_arrival_refuge, layout_loops_ring, serial_shops,
          nicolae_square_shop, dreamdust_ecumenical_altar_grove
D:2:      layout_basic, basic_altar, minmay_randomly_rotated_circles,
          uniq_sigmund
D:3:      minmay_inner_zag, layout_loops_ring, lemuel_zombie_altar_yredelemnul,
          gammafunk_ghost_arena
D:4:      layout_gridville, ebering_ghost_reflecting_pool, minmay_crossroads
D:5:      layout_basic, minmay_temple_entry_ruins, mrwooster_statue_mirror,
          uniq_eustachio, uniq_prince_ribbit1
D:6:      layout_basic, minmay_strange_pillars, moated_statue, uniq_grinder
D:7:      layout_cave_pods, gup_ossuary_entry_pyramid, uniq_menkaure,
          uniq_maggie
D:8:      layout_basic, enter_bailey_3, uniq_psyche
D:9:      layout_stronghold, mainiacjoe_overflow_large_starburst,
          dpeg_oklobed_lair, hellmonk_ghost_happy_afterlife, minmay_nine_imps
D:10:     layout_loops_cross, grunt_temple_overflow_open
D:11:     layout_irregular_city, david_orc_3, minmay_increasing_density
Temple:   eino_wide_crystal_templ
Lair:1:   layout_misc_corridors, grunt_megastairs_4
Lair:2:   layout_misc_corridors, minmay_swamp_entry_wisps,
          ebering_ghost_funeral_grove

Skill      XL: |  1  2  3  4  5  6  7  8  9 10 11 12 13 |
---------------+----------------------------------------+-----
Short Blades   | 3 5 6 8 10 11 12 | 12.0
Dodging        | 2 4 5 6 9 10 11 13 14 | 14.0
Stealth        | 8 10 12 13 | 13.0
Fighting       | 4 6 8 9 10 | 10.0
Long Blades    | 6 8 |  8.4
Throwing       | |  2.1

Action                   |  1- 3 |  4- 6 |  7- 9 | 10-12 | 13-15 || total
-------------------------+-------+-------+-------+-------+-------++-------
Melee: Dagger            |    56 |   186 |   336 |   332 |    13 ||   923
       Punch             |     1 |       |     8 |    28 |     5 ||    42
       Kick              |       |       |     2 |   474 |    74 ||   550
       Short sword       |       |       |       |   484 |       ||   484
       Long sword        |       |       |       |   253 |       ||   253
       Scimitar          |       |       |       |    73 |   169 ||   242
Throw: Dart              |       |     1 |       |    13 |     1 ||    15
       Throwing net      |       |       |       |     3 |     1 ||     4
Invok: Stomp             |       |       |     1 |     1 |     2 ||     4
       Line Pass         |       |       |       |     4 |       ||     4
Evoke: Wand              |       |       |       |     7 |     8 ||    15
  Use: Scroll            |       |       |    12 |     8 |     1 ||    21
       Potion            |       |       |     3 |     9 |     2 ||    14
 Stab: Sleeping          |    18 |    16 |    24 |    77 |     8 ||   143
       Distracted        |       |     2 |     1 |     1 |     1 ||     5
       Paralysed         |       |       |     1 |    35 |    11 ||    47
       Held in net/web   |       |       |       |     1 |       ||     1
Armor: Robe              |     6 |    22 |     1 |       |       ||    29
       Leather armour    |       |       |    37 |   156 |    48 ||   241
       Skin              |       |       |       |    11 |       ||    11
Dodge: Dodged            |    24 |   159 |   165 |   928 |   278 ||  1554
